 Dungeon Crawl Stone Soup version 0.13-a0-1606-g53bcbbc (console) character file.

233 Blazinghand the Ruffian (level 5, -3/45 HPs)
             Began as a Troll Earth Elementalist on June 14, 2013.
             Slain by a giant frog (7 damage)
             ... on Level 3 of the Dungeon.
             The game lasted 00:03:02 (1410 turns).

Blazinghand the Ruffian (Troll Earth Elementalist)  Turns: 1410, Time: 00:03:02

HP  -3/45        AC  5     Str 16      XL: 5   Next: 27%
MP   5/5         EV  9     Int 12      God:
Gold 61          SH  0     Dex 10      Spells:  1 memorised,  5 levels left

Res.Fire  : . . .   See Invis. : .     - Unarmed
Res.Cold  : . . .   Warding    : .   c - +0 robe
Life Prot.: . . .   Conserve   : .   (shield restricted)
Res.Poison: .       Res.Corr.  : .   (helmet restricted)
Res.Elec. : .       Clarity    : .   (no cloak)
Sust.Abil.: . .     Spirit.Shd : .   (gloves unavailable)
Res.Mut.  : .       Stasis     : .   (boots unavailable)
Res.Rott. : .       Flight     : .   (no amulet)
Gourmand  : +                        (no ring)
                                     (no ring)

@: slightly resistant to hostile enchantments, unstealthy
A: unfitting armour, claws 3, fast metabolism 3, gourmand, regeneration 2,
saprovore 2, tough skin 2, AC +1
a: no special abilities


You were on level 3 of the Dungeon.
You were very full.

You visited 1 branch of the dungeon, and saw 3 of its levels.

You collected 41 gold pieces.


Innate Abilities, Weirdness & Mutations

You are too large for most types of armour.
You have claws for hands.
Your metabolism is lightning-fast.
You like to eat raw meat.
You heal very quickly.
You can eat rotten meat.
You are covered in fur (AC +1).
You have very tough skin (AC +2).


   Skills:
 - Level 1.5 Dodging
 - Level 1.1 Stealth
 * Level 5.0 Unarmed Combat
 - Level 1.0 Spellcasting
   Level 0.6 Transmutations
 - Level 2.6 Earth Magic


You had 5 spell levels left.
You knew the following spells:

 Your Spells              Type           Power        Failure   Level  Hunger
a - Sandblast             Erth           #.....       12%         1    ##.....


Dungeon Overview and Level Annotations

Branches:
Dungeon (3/27)

Altars:
Makhleb

Inventory:

Missiles
 b - 77 stones (quivered)
 k - 69 darts
Armour
 c - a +0 robe (worn)
Comestibles
 a - 3 meat rations
 r - an apple
 A - a chunk of giant gecko flesh {@*1}
Scrolls
 f - a scroll of fear {unknown}
 g - a scroll of blinking {unknown}
 h - 7 scrolls of remove curse {unknown}
 i - 3 scrolls of identify {unknown}
 j - 5 scrolls of teleportation {unknown}
 p - a scroll of enchant weapon II {unknown}
 w - a scroll of amnesia {unknown}
 z - a scroll of magic mapping {unknown}
Jewellery
 m - an uncursed amulet of conservation {unknown}
   (You took it off a hobgoblin on level 1 of the Dungeon)
Potions
 e - a potion of restore abilities {unknown}
 l - a potion of brilliance {unknown}
 n - a potion of speed {unknown}
 o - a potion of paralysis {unknown}
 v - a potion of might {unknown}
 x - 2 potions of heal wounds {unknown}
Books
 d - a book of Geomancy

   Spells                             Type                      Level
   *Sandblast                         Earth                        1
   Stoneskin                          Transmutation/Earth          2
   Passwall                           Transmutation/Earth          3
   Stone Arrow                        Conjuration/Earth            3
   Petrify                            Transmutation/Earth          4
   Lee's Rapid Deconstruction         Earth                        5
 q - a book of Minor Magic
   (You found it on level 3 of the Dungeon)

   Spells                             Type                      Level
   Magic Dart                         Conjuration                  1
   Blink                              Translocation                2
   Call Imp                           Summoning                    2
   Repel Missiles                     Charms/Air                   2
   Slow                               Hexes                        2
   Conjure Flame                      Conjuration/Fire             3
   Mephitic Cloud                     Conjuration/Poison/Air       3
 t - a book of Transfigurations
   (You found it on level 2 of the Dungeon)

   Spells                             Type                      Level
   Stoneskin                          Transmutation/Earth          2
   Polymorph                          Hexes/Transmutation          4
   Ice Form                           Ice/Transmutation            4
   Statue Form                        Transmutation/Earth          6
   Dragon Form                        Fire/Transmutation           7
 y - a book of Power
   (You found it on level 2 of the Dungeon)

   Spells                             Type                      Level
   Iskenderun's Mystic Blast          Conjuration                  4
   Venom Bolt                         Conjuration/Poison           5
   Bolt of Magma                      Conjuration/Fire/Earth       5
   Poisonous Cloud                    Conjuration/Poison/Air       6
   Iron Shot                          Conjuration/Earth            6
   Orb of Destruction                 Conjuration                  7

.. #.# #.# .. #.# #.# #.
#.# #.# #. #.# #.# #. #.#
#.# #. #.# #.#
##.####.######.# #.#
...............######^#####
##....#..FT)...............
#.. ###############.##### #
#.# #.# #.# #.# #.#
#######.#####
..............


You could see a giant frog (bleeding).


Message History

The giant frog is heavily wounded.
The giant frog hits you!
You closely miss the giant frog.
The giant frog is heavily wounded.
The giant frog closely misses you.
You barely miss the giant frog.
The giant frog is heavily wounded.
The giant frog misses you. The giant frog hits you.
You completely miss the giant frog.
The giant frog is heavily wounded.
The giant frog hits you!
You are too injured to fight recklessly!
You are too injured to fight recklessly!
You are too injured to fight recklessly!
You are too injured to fight recklessly!
You are too injured to fight recklessly!
You are too injured to fight recklessly!
You are too injured to fight recklessly!
You are too injured to fight recklessly!
You are too injured to fight recklessly!
You are too injured to fight recklessly!
You are too injured to fight recklessly!
You are too injured to fight recklessly!
You are too injured to fight recklessly!
You are too injured to fight recklessly!
You are too injured to fight recklessly!
You are too injured to fight recklessly!
You closely miss the giant frog.
The giant frog is heavily wounded.
The giant frog closely misses you.
You closely miss the giant frog.
The giant frog is heavily wounded.
The giant frog hits you but does no damage.
The giant frog closely misses you.
You hit the giant frog.
The giant frog is severely wounded.
The giant frog closely misses you.
You miss the giant frog.
The giant frog is severely wounded.
The giant frog hits you but does no damage.
You closely miss the giant frog.
The giant frog is almost dead.
The giant frog barely misses you. The giant frog hits you.
You miss the giant frog.
The giant frog is almost dead.
The giant frog hits you!
* * * LOW HITPOINT WARNING * * *
You hit the giant frog.
The giant frog is almost dead.
The giant frog hits you.
* * * LOW HITPOINT WARNING * * *
The giant frog hits you!
* * * LOW HITPOINT WARNING * * *
You barely miss the giant frog.
The giant frog is almost dead.
The giant frog closely misses you. The giant frog barely misses you.
You hit the giant frog but do no damage.
The giant frog is almost dead.
The giant frog barely misses you.
You closely miss the giant frog.
The giant frog is almost dead.
The giant frog hits you!
* * * LOW HITPOINT WARNING * * *
The giant frog hits you but does no damage.
You hit the giant frog but do no damage.
Your punch misses the giant frog.
The giant frog is almost dead.
The giant frog hits you!
You die...

Action                   |  1- 3 |  4- 6 || total
-------------------------+-------+-------++-------
Melee: Unarmed           |    81 |    84 ||   165
 Stab: Sleeping          |       |     2 ||     2

Vault maps used:
D:1:      dpeg_chamrin_entry_tetris, roderic_st_hans_cross
D:2:      makhleb_altar_promises_db, uniq_sigmund

Notes
Turn   | Place    | Note
--------------------------------------------------------------
     0 | D:1      | Blazinghand, the Troll Earth Elementalist, began the quest for the Orb.
     0 | D:1      | Reached XP level 1. HP: 16/16 MP: 3/3
    97 | D:1      | Reached skill level 1 in Unarmed Combat
   276 | D:1      | Reached XP level 2. HP: 22/24 MP: 3/3
   343 | D:1      | Reached skill level 2 in Unarmed Combat
   402 | D:1      | Reached XP level 3. HP: 25/31 MP: 4/4
   696 | D:2      | Noticed Sigmund
   709 | D:2      | Killed Sigmund
   709 | D:2      | Reached skill level 4 in Unarmed Combat
   709 | D:2      | Reached XP level 4. HP: 37/39 MP: 5/5
   808 | D:2      | Found a burning altar of Makhleb.
   808 | D:2      | Noticed a green death
   951 | D:2      | Reached XP level 5. HP: 39/45 MP: 5/5
  1203 | D:3      | Reached skill level 5 in Unarmed Combat
  1404 | D:3      | HP: 9/45 [giant frog (8)]
  1409 | D:3      | HP: 4/45 [giant frog (8)]
  1410 | D:3      | Slain by a giant frog

Vanquished Creatures
  Sigmund (D:2)
  3 adders
  A giant mite (D:1)
  2 worms
  A giant gecko (D:3)
  An ooze (D:1)
  2 giant cockroaches
  6 goblins
  6 hobgoblins
  4 jackals (D:1)
  3 kobolds
  3 quokkas (D:2)
  5 bats
  4 giant newts
  11 rats
53 creatures vanquished.

Vanquished Creatures (others)
  A ball python (D:1)
1 creature vanquished.

Grand Total: 54 creatures vanquished
